 Dungeon Crawl Stone Soup version 0.29-a0-330-g52719c12eb (webtiles) character file.

Game seed: 12207220356075944874

5059 Crownlay the Thaumaturge (level 10, -4/68 HPs)
             Began as an Octopode Earth Elementalist on May 8, 2022.
             Was an Initiate of Gozag.
             Asphyxiated
             ... on level 8 of the Dungeon.
             The game lasted 00:25:36 (11014 turns).

Crownlay the Thaumaturge (OpEE)                    Turns: 11014, Time: 00:25:37

Health: -4/68      AC:  5    Str:  8    XL:     10   Next: 56%
Magic:  17/23      EV: 13    Int: 22    God:    Gozag
Gold:   707        SH:  0    Dex: 12    Spells: 20/28 levels left

rFire   . . .      SeeInvis .   d - +0 dagger (elec)
rCold   . . .      Faith    .   (no shield)
rNeg    + + .      Spirit   .   (helmet restricted)
rPois   .          Reflect  .   (no amulet)
rElec   .          Harm     .   e - +4 ring of protection
rCorr   +          Rampage  .   t - ring of willpower
Will    +....                   x - ring of positive energy
Stlth   +++.......              E - ring of resist corrosion
HPRegen 0.21/turn               D - ring of positive energy
MPRegen 0.18/turn               (no ring)
                                (no ring)
                                (no ring)

@: lethally poisoned (-4 -> -30), about to teleport, gold aura, slowed, very
slow
A: almost no armour, amphibious, 8 rings, camouflage 1, gelatinous body 1,
(nimble swimmer 1), tentacles
a: Renounce Religion, Potion Petition, Call Merchant, Bribe Branch


You were on level 8 of the Dungeon.
You worshipped Gozag.
Gozag was pleased with you.
You visited 2 branches of the dungeon, and saw 9 of its levels.

You collected 1227 gold pieces.
You spent 468 gold pieces at shops.
You paid 52 gold pieces to Gozag.

Inventory:

Hand Weapons
 d - a +0 dagger of electrocution (weapon)
Missiles
 a - 8 stones
 y - 3 throwing nets
Jewellery
 e - a +4 ring of protection (left tentacle)
 s - a ring of ice
 t - a ring of willpower (right tentacle)
 x - a ring of positive energy (on tentacle)
 D - a ring of positive energy (on tentacle)
 E - a ring of resist corrosion (on tentacle)
Scrolls
 f - a scroll of fear
 g - a scroll of brand weapon
 i - 4 scrolls of fog
 n - 3 scrolls of teleportation
 p - a scroll of magic mapping
 q - 5 scrolls of enchant armour
 r - a scroll of noise {unknown}
 w - a scroll of enchant weapon {unknown}
 B - a scroll of blinking {unknown}
 H - a scroll of amnesia
 I - a scroll of holy word
Potions
 b - 2 potions of lignification
 c - 2 potions of ambrosia
 h - 3 potions of brilliance
 k - 4 potions of curing
 l - 5 potions of heal wounds
 m - a potion of haste
 u - a potion of might
 z - 4 potions of mutation
 A - 2 potions of flight
 C - a potion of cancellation


   Skills:
 + Level 5.9 Fighting
 - Level 2.0 Dodging
 - Level 2.6 Stealth
 * Level 9.7 Spellcasting
 - Level 6.0 Conjurations
 - Level 1.0 Transmutations
 + Level 7.9 Earth Magic


You had 20 spell levels left.
You knew the following spells:

 Your Spells              Type           Power      Damage    Failure   Level
a - Sandblast             Erth           90%        2d19      1%          1
b - Stone Arrow           Conj/Erth      82%        3d12      1%          3
c - Petrify               Tmut/Erth      30%        N/A       10%         4

Your spell library contained the following spells:

 Spells                   Type           Power      Damage    Failure   Level
 Foxfire                  Conj/Fire      92%        2x1d8     1%          1
 Magic Dart               Conj           100%       1d8       1%          1
 Passwall                 Tmut/Erth      25%        N/A       1%          2
 Searing Ray              Conj           74%        2d7       1%          2
 Conjure Flame            Conj/Fire      23%        6-21      5%          3
 Gell's Gravitas          Tloc           10%        N/A       19%         3
 Inner Flame              Hex/Fire       10%        N/A       19%         3
 Lesser Beckoning         Tloc           10%        N/A       19%         3
 Teleport Other           Tloc           10%        N/A       19%         3
 Flame Wave               Conj/Fire      23%        2d7       19%         4
 Fulminant Prism          Conj/Hex       11%        3d9       19%         4


Dungeon Overview and Level Annotations

Branches:
Dungeon (8/15)             Temple (1/1) D:4
   Lair: D:8-11

Altars:
Ashenzari
Cheibriados
Fedhas
Gozag
Kikubaaqudgha
Makhleb
Okawaru
Qazlal
Ru
Trog
Uskayaw
Wu Jian
Zin
The Shining One

Shops:
D:3 *

Annotations:
D:6 exclusion: door


Innate Abilities, Weirdness & Mutations

You cannot wear most types of armour.
You are amphibious.
You can wear up to eight rings at the same time.
Your skin changes colour to match your surroundings (Stealth+).
Your rubbery body absorbs attacks. (AC +1, EV +1)
((You are camouflaged when in or above water. (Stealth+)))
You have tentacles for arms and can constrict up to eight enemies at once.


Message History

The curare-tipped dart barely misses you.
Casting: Sandblast (safe; 1% risk of failure)
Confirm with . or Enter, or press ? or * to list all spells.
Aiming: Sandblast (safe; 1% risk of failure)
Press: ? - help, Shift-Dir - straight line, f/p - kobold brigand
Aim: a kobold brigand, wielding a +0 short sword and quivering curare-tipped darts (heavily wounded, 79% to hit)
The blast of sand hits the kobold brigand!!
You kill the kobold brigand!
You feel sick.
You are no longer poisoned.
An iguana comes into view.
Casting: Sandblast (safe; 1% risk of failure)
Confirm with . or Enter, or press ? or * to list all spells.
Aiming: Sandblast (safe; 1% risk of failure)
Press: ? - help, Shift-Dir - straight line, f - shadow imp
Aim: a shadow imp (81% to hit)
The blast of sand hits the shadow imp!
You kill the shadow imp!
The kobold brigand throws a curare-tipped dart.
The curare-tipped dart hits you.
You are poisoned.
You have difficulty breathing.
You feel as though you will be slow longer.
The kobold brigand throws a curare-tipped dart.
The curare-tipped dart hits you.
You are lethally poisoned!
You have difficulty breathing.
* * * LOW HITPOINT WARNING * * *
You feel as though you will be slow longer.
An iguana comes into view.
As you read the scroll of teleportation, it crumbles to dust.
You feel strangely unstable.
* * * LOW HITPOINT WARNING * * *
You feel extremely sick.
The kobold brigand throws a curare-tipped dart.
The curare-tipped dart hits you.
You are more poisoned.
You have difficulty breathing.
You die...
Your body crumbles into a pile of gold.

.## ##.......#.## ..#
#......##.# ..# .#.........#.
##......#.## ..# '.........'.
##.....#... ..# #Z......5.#
###......#.##
..#####.K...Z...#####.#........#
......#.....5...#............###
.####.##..K....##.....#.......#
## #.$###''$###@....###.....##
## ##..$8$..8K$............###
.## #..$$$...K......l........##
..####$$##...##................#
#)##.$.......#.................#
#.))$#####......#Z.....##.....##
.#...# ....#####.....###.....#
...### .....# #.....l##.....#
#..# .....#### #.......#.....#


You could see a kobold brigand, 2 iguanas, a kobold zombie and a kobold.

Vanquished Creatures
  A kobold demonologist (D:8)
  A komodo dragon (D:8)
  2 hornets
  Grinder (D:4)
  Sigmund (D:5)
  The ghost of WLBjork the Cutter, an amateur KoBr (D:3)
  2 wyverns (D:7)
  Eustachio (D:4)
  A wraith (D:8)
  A sky beast (D:7)
  2 orc warriors
  4 ice beasts
  2 centaurs
  A phantom (D:4)
  5 kobold brigands
  A gnoll sergeant (D:8)
  A necrophage (D:5)
  A bullfrog (D:7)
  6 scorpions
  5 wights (D:8)
  4 hounds
  A bullfrog skeleton (D:3)
  3 orc priests
  2 jellies
  6 iguanas
  4 orc wizards
  A killer bee zombie (D:3)
  Robin (D:2)
  12 adders
  9 gnolls
  3 shadow imps
  3 white imps
  5 ufetubi
  2 worms (D:2)
  A dart slug (D:3)
  32 orcs
  4 ball pythons
  2 endoplasms
  3 giant cockroaches
  18 goblins
  10 hobgoblins
  35 kobolds
  4 quokkas
  5 bats
  6 frilled lizards
  4 kobold skeletons (D:8)
  3 kobold zombies (D:8)
  A rat (D:1)
224 creatures vanquished.

Vanquished Creatures (others)
  6 plants (D:8)
6 creatures vanquished.

Grand Total: 230 creatures vanquished

Notes
Turn   | Place    | Note
-------+----------+-------------------------------------------
     0 | D:1      | Crownlay the Octopode Earth Elementalist began the quest
                  | for the Orb.
     0 | D:1      | Reached XP level 1. HP: 11/11 MP: 3/3
    62 | D:1      | Found Dofuala's Magic Scroll Emporium.
    71 | D:1      | Reached XP level 2. HP: 18/18 MP: 5/5
   680 | D:1      | Bought a scroll of teleportation for 42 gold pieces
   800 | D:2      | Reached skill level 1 in Fighting
   800 | D:2      | Reached skill level 1 in Conjurations
   800 | D:2      | Reached XP level 3. HP: 12/23 MP: 6/6
   804 | D:2      | Learned a level 3 spell: Stone Arrow
  1326 | D:2      | Reached XP level 4. HP: 26/28 MP: 8/8
  1425 | D:2      | Noticed Robin
  1433 | D:2      | Reached skill level 3 in Spellcasting
  1452 | D:2      | Killed Robin
  2068 | D:1      | Bought a scroll of fear for 49 gold pieces
  2188 | D:3      | Found a runed translucent gate.
  2189 | D:3      | Found a runed translucent gate.
  2190 | D:3      | Found a runed translucent gate.
  2198 | D:3      | Noticed WLBjork's ghost (amateur KoBr)
  2214 | D:3      | Reached XP level 5. HP: 33/34 MP: 9/9
  2772 | D:3      | Found Soif's General Store.
  3053 | D:4      | Noticed Eustachio
  3079 | D:4      | Killed Eustachio
  3080 | D:4      | Reached skill level 4 in Spellcasting
  3080 | D:4      | Reached XP level 6. HP: 36/41 MP: 1/12
  3421 | D:4      | Reached XP level 7. HP: 45/45 MP: 5/13
  3678 | D:4      | Noticed Grinder
  3741 | D:4      | Found a staircase to the Ecumenical Temple.
  3747 | Temple   | Entered the Ecumenical Temple
  3861 | Temple   | Became a worshipper of Gozag Ym Sagoz the Greedy
  4089 | D:4      | Found a blossoming altar of Fedhas.
  4165 | D:5      | Entered Level 5 of the Dungeon
  4430 | D:5      | Noticed Sigmund
  4656 | D:5      | Reached skill level 5 in Spellcasting
  5435 | D:6      | Found a stormy altar of Qazlal.
  5551 | D:6      | Reached XP level 8. HP: 52/52 MP: 11/16
  5932 | D:1      | Bought a scroll of amnesia for 49 gold pieces
  5932 | D:1      | Bought a scroll of holy word for 105 gold pieces
  5932 | D:1      | Bought a scroll of fog for 28 gold pieces
  6093 | D:4      | Killed Grinder
  6094 | D:4      | Reached skill level 5 in Earth Magic
  6335 | D:6      | Reached skill level 6 in Spellcasting
  6983 | D:6      | Found a glowing golden altar of the Shining One.
  7192 | D:6      | Noticed a hornet
  7246 | D:6      | Reached XP level 9. HP: 36/60 MP: 9/19
  7257 | D:6      | Learned a level 4 spell: Petrify
  7425 | D:6      | Noticed a cyclops
  7494 | D:6      | Killed a hornet
  7495 | D:6      | Reached skill level 5 in Fighting
  7495 | D:6      | Reached skill level 7 in Spellcasting
  7864 | D:1      | Bought a scroll of identify for 28 gold pieces
  7864 | D:1      | Bought 3 scrolls of identify for 84 gold pieces
  7864 | D:1      | Bought a scroll of fog for 28 gold pieces
  7959 | D:3      | Bought a scroll of identify for 22 gold pieces
  7959 | D:3      | Bought a potion of lignification for 33 gold pieces
  8037 | D:3      | Killed WLBjork's ghost
  8423 | D:5      | Killed Sigmund
  8720 | D:7      | Reached skill level 8 in Spellcasting
  8983 | D:7      | Reached skill level 5 in Conjurations
  9480 | D:7      | Found an ancient bone altar of Kikubaaqudgha.
  9485 | D:7      | Reached XP level 10. HP: 66/66 MP: 12/22
  9780 | D:8      | Found a sacrificial altar of Ru.
  9920 | D:8      | Found a bloodstained altar of Trog.
  9972 | D:8      | Reached skill level 9 in Spellcasting
 10345 | D:8      | Found a burning altar of Makhleb.
 10528 | D:8      | Identified the +1 plate armour of Dishonour {-Cast rPois
                  | rC+ rCorr SInv}
 10869 | D:8      | Noticed a kobold demonologist
 10904 | D:8      | Killed a kobold demonologist
 11014 | D:8      | Asphyxiated

Illustrated notes

Levels and vault maps discovered:
D:1:      dpeg_arrival_connections, layout_basic, serial_shops, shop
D:2:      layout_basic, nicolae_figureground_sparkle, uniq_robin
D:3:      layout_basic, serial_shops, nicolae_shop_stone,
          gammafunk_ghost_necromancy
D:4:      layout_loops_cross, mainiacjoe_overflow_tiny_flanked,
          minmay_temple_entry_enclosed_plants, uniq_grinder, uniq_eustachio
D:5:      layout_basic, uniq_sigmund
D:6:      wad_guarded_room, layout_basic, mainiacjoe_overflow_six_doors_small,
          mainiacjoe_overflow_24_doors, corner_web_ring
D:7:      layout_loops_cross, lemuel_coloured_pillars_altar
D:8:      wander_kiku_kobolds, layout_cave_pools,
          mainiacjoe_overflow_surrounded_room, mainiacjoe_overflow_catwalk,
          mainiacjoe_overflow_chevrons, minmay_misc_feat_encased,
          minmay_lizard_king, uniq_maurice
Temple:   regret_index_temple_generic_petals

Skill      XL: |  1  2  3  4  5  6  7  8  9 10 |
---------------+-------------------------------+-----
Fighting       | 1 2 3 4 5 |  5.9
Conjurations   | 1 2 3 4 5 6 |  6.0
Spellcasting   | 3 4 5 6 8 9 |  9.7
Earth Magic    | 4 5 7 |  7.9
Dodging        | |  2.0
Stealth        | |  2.6
Transmutations | |  1.0

Action                   |  1- 3 |  4- 6 |  7- 9 | 10-12 || total
-------------------------+-------+-------+-------+-------++-------
Melee: Short sword       |    54 |    31 |       |       ||    85
       Constrict         |    16 |    23 |     6 |     9 ||    54
       Tentacles         |     8 |    12 |     8 |    10 ||    38
       Unarmed           |     4 |       |       |       ||     4
       Punch             |     1 |       |       |     1 ||     2
       Dagger            |       |    48 |    26 |    32 ||   106
 Cast: Sandblast         |     1 |    31 |    92 |    43 ||   167
       Stone Arrow       |       |     3 |    73 |    38 ||   114
       Petrify           |       |       |     3 |       ||     3
  Use: Scroll            |     1 |       |    20 |     1 ||    22
       Potion            |       |       |     2 |       ||     2
 Stab: Sleeping          |     8 |    11 |     5 |       ||    24
       Petrified         |       |       |     8 |       ||     8
       Petrifying        |       |       |     1 |       ||     1
Armor: Skin              |    20 |    22 |    13 |     9 ||    64
Dodge: Dodged            |    42 |    54 |    47 |    26 ||   169

Table legend: (Time is in decaauts)
 A = Elapsed time spent in this place.
 B = Non-inter-level travel time spent in this place.
 C = Inter-level travel time spent in this place.
 D = Time resting spent in this place.
 E = Time spent auto-exploring this place.
 F = Levels seen in this place.
 G = Mean time per level.
                   A        B        C        D        E       F      G
               +--------+--------+--------+--------+--------+-----+--------+
         Total |  11039 |   9997 |   1042 |    364 |   8021 |   9 | 1226.6 |
       Dungeon |  10884 |   9883 |   1001 |    364 |   7919 |   8 | 1360.5 |
        Temple |    155 |    114 |     41 |      0 |    102 |   1 |  155.0 |
               +--------+--------+--------+--------+--------+-----+--------+

Top non-repeatable levels by time:
     D:6: 1919 daAuts
     D:2: 1535 daAuts
     D:4: 1437 daAuts
     D:5: 1377 daAuts
     D:3: 1271 daAuts
     D:8: 1266 daAuts
     D:7: 1257 daAuts
     D:1: 818 daAuts
  Temple: 155 daAuts
